 Dungeon Crawl Stone Soup version 0.19.0-20-gbc5f0c6 (webtiles) character file.

1007 glitchdot the Magician (level 8, -2/48 HPs)
             Began as an Octopode Wizard on Nov 16, 2016.
             Slain by a wyvern zombie (8 damage)
             ... on level 9 of the Dungeon.
             The game lasted 00:42:48 (6829 turns).

glitchdot the Magician (Octopode Wizard)            Turns: 6829, Time: 00:42:49

Health: -2/48      AC:  2    Str:  6    XL:     8   Next: 20%
Magic:  2/14       EV: 18    Int: 22    God:
Gold:   255        SH:  0    Dex: 11    Spells: 7 memorised, 3 levels left

rFire  . . .     SeeInvis .     a - +3 short sword (protect)
rCold  . . .     Gourm    .     (no shield)
rNeg   . . .     Faith    .     d - +1 hat
rPois  .         Spirit   .     (no amulet)
rElec  .         Reflect  .     i - +4 ring of evasion
rCorr  .         Harm     .     k - ring of protection from magic
MR     ++...                    (no ring)
Stlth  +++.......               (no ring)
                                (no ring)
                                (no ring)
                                (no ring)
                                (no ring)

@: very slightly contaminated
A: almost no armour, stealthy swim, amphibious, 8 rings, constrict 8, camouflage
1, low mp 1, magic resistance 1, gelatinous body 1
a: no special abilities


You were on level 9 of the Dungeon.
You were not hungry.

You visited 1 branch of the dungeon, and saw 9 of its levels.

You collected 255 gold pieces.

Inventory:

Hand Weapons
 a - a +3 short sword of protection (weapon)
 f - a +5 mace
Armour
 d - a +1 hat (worn)
Magical Staves
 b - an uncursed staff of energy
Jewellery
 i - a +4 ring of evasion (left tentacle)
 k - a ring of protection from magic (right tentacle)
Scrolls
 e - 2 scrolls of amnesia
 g - a scroll of identify
 j - a scroll of remove curse
 n - 3 scrolls of fear
 o - a scroll of random uselessness
Potions
 l - a potion of berserk rage
Books
 c - a book of Minor Magic

   Spells                             Type                      Level
   a - Magic Dart                     Conjuration                  1
   b - Blink                          Translocation                2
   c - Call Imp                       Summoning                    2
   d - Repel Missiles                 Charms/Air                   2
   e - Slow                           Hexes                        2
   f - Conjure Flame                  Conjuration/Fire             3
   g - Mephitic Cloud                 Conjuration/Poison/Air       3
Comestibles
 h - 11 fruits
 m - a royal jelly


   Skills:
 + Level 1.2 Fighting
 + Level 3.7 Short Blades
 + Level 0.2 Staves
 + Level 4.0 Dodging
 + Level 4.4 Stealth
 + Level 0.4 Unarmed Combat
 + Level 5.7 Spellcasting
 + Level 2.6 Conjurations
 + Level 0.2 Charms
 + Level 2.4 Summonings
 + Level 1.3 Translocations
 + Level 1.1 Fire Magic
 + Level 0.8 Air Magic
 + Level 0.2 Poison Magic


You had 3 spell levels left.
You knew the following spells:

 Your Spells              Type           Power        Failure   Level  Hunger
a - Magic Dart            Conj           ###.         3%          1    None
b - Blink                 Tloc           N/A          10%         2    None
c - Call Imp              Summ           ###.....     8%          2    None
d - Conjure Flame         Conj/Fire      ##......     14%         3    ##.....
e - Repel Missiles        Chrm/Air       #.....       14%         2    None
f - Mephitic Cloud        Conj/Pois/Air  ##......     17%         3    ##.....
g - Slow                  Hex            #.......     17%         2    None


Dungeon Overview and Level Annotations

Branches:
Dungeon (9/15)
 Temple: D:4-7         Lair: D:8-11         Orc: D:9-12

Altars:

Annotations:
D:2 Robin
D:5 Sigmund
D:6 Dowan, Duvessa


Innate Abilities, Weirdness & Mutations

You cannot wear most types of armour.
You are very stealthy in the water. (Stealth+)
You are amphibious.
You can wear up to eight rings at the same time.
You can use your tentacles to constrict eight enemies at once.
Your skin changes colour to match your surroundings (Stealth+).
Your rubbery body absorbs attacks. (AC +1, EV +1)
Your magical capacity is low. (-10% MP)
You are resistant to hostile enchantments. (MR+)


Message History

Casting: Slow
Confirm with . or Enter, or press ? or * to list all spells.
You blink.
Casting: Blink
Confirm with . or Enter, or press ? or * to list all spells.
Aiming: Magic Dart
Press: ? - help, Shift-Dir - straight line, f/p - wyvern zombie
Aim: a wyvern zombie (severely damaged)
The magic dart hits the wyvern zombie.
The wyvern zombie is severely damaged.
Casting: Magic Dart
Confirm with . or Enter, or press ? or * to list all spells.
You blink.
The wyvern zombie barely misses you.
Casting: Blink
Confirm with . or Enter, or press ? or * to list all spells.
You don't have enough magic to cast that spell.
The wyvern zombie barely misses you.
There is a stone staircase leading up here.
The wyvern zombie bites you!
You die...

#####+# ##+#######
....... #........#
....... #........#
....... #.......@#
....... #....<..Z###
.......
+........'.###.......
#........#...†.......
#........#####.$.....
#........# .......
######+### ###+###


You could see a wyvern zombie.

Vanquished Creatures
  A phantom (D:4)
  An ice beast (D:5)
  An ogre (D:4)
  2 bullfrogs
  A scorpion (D:6)
  A howler monkey (D:5)
  2 crimson imps
  An orc priest (D:4)
  A hound (D:5)
  A bullfrog skeleton (D:4)
  A worker ant (D:9)
  A centaur simulacrum (D:8)
  An adder (D:4)
  3 oozes
  2 adder zombies
  A worm (D:3)
  4 dart slugs
  6 leopard geckos
  5 orcs
  5 bats
  2 giant cockroaches
  7 goblins
  4 hobgoblins
  11 jackals
  2 quokkas (D:4)
  3 ball pythons
  2 frilled lizards
  2 jackal skeletons
  2 kobolds
  A quokka skeleton (D:4)
  9 rats
86 creatures vanquished.

Vanquished Creatures (collateral kills)
  A sky beast (D:5)
  A black bear (D:8)
  A centaur (D:5)
  An orc wizard (D:4)
  A worker ant (D:5)
  A worm (D:3)
  A leopard gecko (D:4)
  An orc (D:3)
  3 jackals
  2 bats
13 creatures vanquished.

Grand Total: 99 creatures vanquished

Notes
Turn   | Place    | Note
-------+----------+-------------------------------------------
     0 | D:1      | glitchdot the Octopode Wizard began the quest for the Orb.
     0 | D:1      | Reached XP level 1. HP: 11/11 MP: 4/4
   265 | D:1      | Reached XP level 2. HP: 13/17 MP: 6/6
   411 | D:1      | Learned a level 2 spell: Blink
   580 | D:1      | Reached XP level 3. HP: 20/21 MP: 2/8
   822 | D:1      | Learned a level 2 spell: Call Imp
   826 | D:1      | Learned a level 3 spell: Conjure Flame
  1323 | D:2      | Reached skill level 1 in Short Blades
  1331 | D:2      | Noticed Robin
  1488 | D:3      | Reached XP level 4. HP: 27/27 MP: 5/9
  1523 | D:3      | Learned a level 2 spell: Repel Missiles
  2162 | D:4      | Noticed a phantom
  2195 | D:4      | Noticed an ogre
  2381 | D:4      | Found a sand-covered staircase.
  2424 | D:4      | HP: 1/27 [orc priest/divine providence (12)]
  2516 | D:5      | Entered Level 5 of the Dungeon
  2855 | D:5      | Gained mutation: You are resistant to hostile enchantments. (MR+) [potion of mutation]
  2855 | D:5      | Gained mutation: Your magical capacity is low. (-10% MP) [potion of mutation]
  3013 | D:5      | Reached XP level 5. HP: 7/32 MP: 5/9
  3515 | D:5      | Noticed a centaur
  3756 | D:4      | Killed an ogre
  3756 | D:4      | Reached skill level 4 in Spellcasting
  3768 | D:4      | Reached XP level 6. HP: 37/37 MP: 2/11
  3871 | D:4      | Killed a phantom
  4058 | D:4      | Learned a level 3 spell: Mephitic Cloud
  4627 | D:5      | Reached XP level 7. HP: 3/42 MP: 3/12
  5085 | D:5      | Noticed Sigmund
  5198 | D:5      | Reached skill level 5 in Spellcasting
  5437 | D:6      | Reached skill level 1 in Fire Magic
  5864 | D:7      | Noticed a hippogriff
  5882 | D:6      | Noticed Duvessa
  5883 | D:6      | Noticed Dowan
  6358 | D:5      | You fall through a shaft for 3 floors!
  6659 | D:8      | Reached XP level 8. HP: 43/47 MP: 11/14
  6663 | D:8      | Learned a level 2 spell: Slow
  6678 | D:8      | Reached skill level 1 in Fighting
  6766 | D:8      | Noticed a wyvern
  6829 | D:9      | Slain by a wyvern zombie

Skill      XL: |  1  2  3  4  5  6  7  8 |
---------------+-------------------------+-----
Stealth        | 3 4 |  4.4
Short Blades   | 1 2 3 |  3.7
Spellcasting   | 4 5 |  5.7
Conjurations   | 2 |  2.6
Dodging        | 3 4 |  4.0
Summonings     | 2 |  2.4
Fire Magic     | 1 |  1.1
Fighting       | 1 |  1.2
Staves         | |  0.2
Unarmed Combat | |  0.4
Charms         | |  0.2
Translocations | |  1.3
Air Magic      | |  0.8
Poison Magic   | |  0.2

Action                   |  1- 3 |  4- 6 |  7- 9 || total
-------------------------+-------+-------+-------++-------
Melee: Short sword       |    73 |   103 |    52 ||   228
       Unarmed           |     6 |       |       ||     6
       Constrict         |    16 |    16 |    10 ||    42
       Tentacles         |     8 |    18 |    12 ||    38
       Punch             |       |     1 |       ||     1
       Staff             |       |       |    39 ||    39
 Cast: Magic Dart        |    11 |    46 |    22 ||    79
       Conjure Flame     |     4 |     2 |     3 ||     9
       Call Imp          |     2 |    11 |    11 ||    24
       Blink             |       |     2 |     6 ||     8
       Repel Missiles    |       |     1 |       ||     1
       Mephitic Cloud    |       |       |     1 ||     1
       Slow              |       |       |     1 ||     1
  Use: Potion            |     2 |     8 |       ||    10
       Scroll            |     8 |     5 |     2 ||    15
 Stab: Sleeping          |     4 |     4 |       ||     8
  Eat: Bread ration      |     1 |     2 |     1 ||     4
       Meat ration       |       |       |     1 ||     1
Armor: Skin              |    21 |    20 |    16 ||    57
Dodge: Dodged            |    65 |   102 |    97 ||   264
       Deflected         |       |     3 |     1 ||     4
